 Dungeon Crawl Stone Soup version 0.28.0-53-g5a82cb258f (webtiles) character file.

Game seed: 9780021375949175935

44 unlimited1921 the Chopper (level 3, -1/35 HPs)
             Began as a Gnoll Cinder Acolyte on July 8, 2022.
             Was a High Priest of Ignis.
             Succumbed to Jessica's poison
             ... on level 2 of the Dungeon.
             The game lasted 00:03:00 (1864 turns).

unlimited1921 the Chopper (Gnoll Cinder Acolyte)    Turns: 1864, Time: 00:03:00

Health: -1/35      AC:  2    Str: 15    XL:     3   Next: 62%
Magic:  7/7        EV: 15    Int: 13    God:    Ignis [*****.]
Gold:   32         SH:  0    Dex:  7    Spells: 7/7 levels left

rFire   + . .      SeeInvis .   a - -1 hand axe (flame)
rCold   . . .      Faith    .   (no shield)
rNeg    . . .      Spirit   .   b - +0 robe
rPois   .          Reflect  .   (no helmet)
rElec   .          Harm     .   (no cloak)
rCorr   .          Rampage  .   (no gloves)
Will    .....                   (no boots)
Stlth   +.........              (no amulet)
HPRegen 0.11/turn               g - +4 ring of evasion
MPRegen 0.10/turn               (no ring)

@: lethally poisoned (-1 -> -10), slowed, very slow
A: fangs 1, strong nose, distributed training
a: Renounce Religion, Fiery Armour, Foxfire Swarm, Rising Flame


You were on level 2 of the Dungeon.
You worshipped Ignis.
Ignis was extremely pleased with you.
You visited 1 branch of the dungeon, and saw 2 of its levels.

You collected 32 gold pieces.

Inventory:

Hand Weapons
 a - a -1 hand axe of flaming (weapon)
 h - a +0 mace
 k - a +0 falchion
Armour
 b - a +0 robe (worn)
Magical Staves
 l - a staff of fire
Jewellery
 g - a +4 ring of evasion (left hand)
Scrolls
 c - 4 scrolls of teleportation {unknown}
 d - a scroll of amnesia {unknown}
 e - a scroll of blinking {unknown}
 i - a scroll of fog {unknown}
Potions
 f - 2 potions of lignification {unknown}


   Skills:
 + Level 6.5 Fighting
 + Level 0.9 Short Blades
 + Level 0.9 Long Blades
 + Level 6.5 Axes
 + Level 0.9 Maces & Flails
 + Level 0.9 Polearms
 + Level 0.9 Staves
 + Level 0.9 Slings
 + Level 0.9 Bows
 + Level 0.9 Crossbows
 + Level 0.9 Throwing
 + Level 0.9 Armour
 + Level 0.9 Dodging
 + Level 0.9 Stealth
 + Level 0.9 Shields
 + Level 0.9 Unarmed Combat
 + Level 2.8 Spellcasting
 + Level 0.6 Conjurations
 + Level 0.6 Hexes
 + Level 0.6 Summonings
 + Level 0.6 Necromancy
 + Level 0.6 Translocations
 + Level 0.6 Transmutations
 + Level 5.4 Fire Magic
 + Level 0.6 Ice Magic
 + Level 0.6 Air Magic
 + Level 0.6 Earth Magic
 + Level 0.6 Poison Magic
 + Level 1.0 Invocations
 + Level 0.9 Evocations


You had 7 spell levels left.
You didn't know any spells.
Your spell library contained the following spells:

 Spells                   Type           Power      Damage    Failure   Level
 Scorch                   Fire           32%        2d7       3%          2


Dungeon Overview and Level Annotations

Branches:
Dungeon (2/15)

Altars:


Innate Abilities, Weirdness & Mutations

You have very sharp teeth.
Your uncanny sense of smell can sniff out nearby items.
Your experience applies equally to all skills.


Message History

You are poisoned.
You hit Jessica. You burn Jessica.
Jessica is heavily wounded.
You feel very sick.
Jessica casts a spell.
Jessica blinks!
You feel sick.
Jessica very coldly says, "I hate your company."
Jessica casts a spell at you.
You feel yourself slow down.
You feel sick.
Jessica hits you with a +0 dagger of venom.
Jessica barely misses you.
Jessica hits you with a +0 dagger of venom.
* * * LOW HITPOINT WARNING * * *
You are too injured to fight recklessly!
You are too injured to fight recklessly!
You are too injured to fight recklessly!
You don't know any spells.
Unknown command.
Unknown command.
Activating: Foxfire Swarm
Press: ? - help, Dir - look around, f - activate Flames leap up around you!
You feel sick. Jessica closely misses you.
Jessica hits you with a +0 dagger of venom.
* * * LOW HITPOINT WARNING * * *
You are lethally poisoned!
Your foxfire dissipates!
* * * LOW HITPOINT WARNING * * *
You feel very sick.
The foxfire hits Jessica.
Jessica is almost dead.
The foxfire hits Jessica.
You kill Jessica!
Your Invocations skill increases to level 1!
You have reached level 3!
Your experience leads to an increase in your attributes!
Increase (S)trength, (I)ntelligence, or (D)exterity?
You feel stronger. x2
You die...

#.####.# .......#######
### #..#.......... v.#
#..#.#.###### #§#
.....#.#########v####
.............#.§§v§.#
.#.###.#####.#§#§v#§#
.......#####§#§##v§§#
..####.##....§§§@.v§#
..####.##.##.#.§§§§v#
...##.....##.#.†§.§v#
..###........##.§.§v§..
..#
#.....######§#v.§§..$
..# #.....# #v.v..§.(.
..# #.....# #.########
#.# ####### #.# #.###
#.


There were no monsters in sight!

Vanquished Creatures
  Jessica (D:2)
  An endoplasm (D:1)
  A giant cockroach (D:2)
  3 hobgoblins
  A quokka (D:1)
  3 ball pythons (D:1)
  2 bats (D:1)
  2 frilled lizards (D:1)
  2 kobolds
  5 rats
21 creatures vanquished.

Vanquished Creatures (others)
  2 foxfires (D:2)
2 creatures vanquished.

Grand Total: 23 creatures vanquished

Notes
Turn   | Place    | Note
-------+----------+-------------------------------------------
     0 | D:1      | unlimited1921 the Gnoll Cinder Acolyte began the quest for
                  | the Orb.
     0 | D:1      | Reached XP level 1. HP: 23/23 MP: 4/4
   336 | D:1      | Reached XP level 2. HP: 24/29 MP: 5/5
   494 | D:1      | Found a faded altar of an unknown god.
  1844 | D:2      | Noticed Jessica
  1863 | D:2      | Killed Jessica
  1864 | D:2      | Reached skill level 1 in Invocations
  1864 | D:2      | Reached XP level 3. HP: 2/35 MP: 7/7
  1864 | D:2      | Succumbed to Jessica's poison

Illustrated notes

Levels and vault maps discovered:
D:1:      nicolae_arrival_somewhat_less_tricky_arrival, layout_loops_ring,
          basic_ecumenical_altar, minmay_tripent
D:2:      layout_loops_cross, basic_altar, uniq_jessica, uniq_crazy_yiuf_cottage

Skill      XL: |  1  2 |
---------------+-------+-----
Invocations    | 1 |  1.0
Fighting       | |  6.5
Short Blades   | |  0.9
Long Blades    | |  0.9
Axes           | |  6.5
Maces & Flails | |  0.9
Polearms       | |  0.9
Staves         | |  0.9
Slings         | |  0.9
Bows           | |  0.9
Crossbows      | |  0.9
Throwing       | |  0.9
Armour         | |  0.9
Dodging        | |  0.9
Stealth        | |  0.9
Shields        | |  0.9
Unarmed Combat | |  0.9
Spellcasting   | |  2.8
Conjurations   | |  0.6
Hexes          | |  0.6
Summonings     | |  0.6
Necromancy     | |  0.6
Translocations | |  0.6
Transmutations | |  0.6
Fire Magic     | |  5.4
Ice Magic      | |  0.6
Air Magic      | |  0.6
Earth Magic    | |  0.6
Poison Magic   | |  0.6
Evocations     | |  0.9

Action                   || total
-------------------------++-------
Melee: Hand axe          ||    77
       Bite              ||     8
Throw: Dart              ||     2
Invok: Foxfire Swarm     ||     1
Armor: Robe              ||     9
Dodge: Dodged            ||    58
